 Dungeon Crawl Stone Soup version 0.29-a0-344-ge2f44be95a (webtiles) character file.

Game seed: 3197334940532426425

6 spaghetti the Covered (level 1, 16/20 HPs)
             Began as a Deep Dwarf Fighter on Apr 21, 2022.
             Quit the game on level 1 of the Dungeon.
             The game lasted 00:00:43 (55 turns).

spaghetti the Covered (Deep Dwarf Fighter)            Turns: 55, Time: 00:00:43

Health: 16/20      AC:  7    Str: 19    XL:     1   Next: 75%
Magic:  1/1        EV:  9    Int:  8    God:
Gold:   0          SH:  4    Dex: 12    Spells: 0/0 levels left

rFire   . . .      SeeInvis .   a - +0 war axe {axe}
rCold   . . .      Faith    .   c - +0 buckler
rNeg    . . .      Spirit   .   b - +0 scale mail
rPois   .          Reflect  .   (no helmet)
rElec   .          Harm     .   (no cloak)
rCorr   .          Rampage  .   (no gloves)
Will    .....                   (no boots)
Stlth   ..........              (no amulet)
HPRegen 0.00/turn               (no ring)
MPRegen 0.07/turn               (no ring)

@: no status effects
A: damage resistance, heal wounds, sense surroundings 1, no regeneration
a: Heal Wounds


You were on level 1 of the Dungeon.
You visited 1 branch of the dungeon, and saw 1 of its levels.


Innate Abilities, Weirdness & Mutations

You are resistant to damage.
You can heal yourself by infusing magical energy.
You passively map a small area around you.
You do not regenerate.


   Skills:
 - Level 2.6 Fighting
 - Level 2.1 Axes
 + Level 3.8 Armour
 - Level 3.2 Shields


You couldn't memorise any spells.
You didn't know any spells.
Your spell library was empty.

Inventory:

Hand Weapons
 a - a +0 war axe (weapon) {axe}
Missiles
 e - 59 stones {throwing}
Armour
 b - a +0 scale mail (worn)
 c - a +0 buckler (worn)
Scrolls
 f - a scroll of noise {unknown}
Potions
 d - a potion of might

Dungeon Overview and Level Annotations

Branches:
Dungeon (1/15)

Altars:

* * ** , , , ,*** , ,
####+#### , *
###≈≈≈≈≈≈§### , ** *
#≈≈≈.....§≈≈# * *
#§§.....@)§.#
######'###### * #####
###8'8#8### *
##≈..###.........##
,#≈≈..##...........##
,, , *
#≈...##............#
,,+≈...'8.....<.......
, #≈...#'............#
, #≈≈..##...........##
, * ,


There were no monsters in sight!


Message History

Welcome, spaghetti the Deep Dwarf Fighter.
Will you prevail where others failed? Will you find the Orb of Zot?
Press ? for a list of commands and other information.
Found a staircase leading out of the dungeon.
You open the large door.
A hobgoblin comes into view.
The hobgoblin shouts!
A hobgoblin comes into view.
There are monsters nearby!
There are monsters nearby!
The hobgoblin shouts!
There is a large open door here.
You slash the hobgoblin!
You kill the hobgoblin!
You barely miss the hobgoblin. The hobgoblin barely misses you.
You barely miss the hobgoblin.
The hobgoblin hits you but does no damage.
The hobgoblin closely misses you.
Unknown command.
You hit the hobgoblin but do no damage. The hobgoblin completely misses you.
You hit the hobgoblin. The hobgoblin closely misses you.
The hobgoblin misses you.
You closely miss the hobgoblin. The hobgoblin hits you.
You hit the hobgoblin but do no damage. The hobgoblin hits you.
The hobgoblin closely misses you.
You hit the hobgoblin. The hobgoblin hits you.
You slash the hobgoblin!
You kill the hobgoblin!
e - 37 stones {throwing}
There is a large open door, spattered with blood here.
You see here a hobgoblin corpse.
There is a large open door, spattered with blood here.
You see here a hobgoblin corpse.
There is a large open door here.
You open the door.
There is an open door here.
You open the door. 2 goblins come into view.
The goblin shouts! x2
The goblin moves out of view.
A goblin is nearby!
A goblin is nearby!
A goblin is nearby!
The goblin barely misses you.
There is an open door here.
You hit the goblin.
You kill the goblin!
You barely miss the goblin. The goblin hits you but does no damage.
You closely miss the goblin. The goblin barely misses you.
You block the goblin's attack.
You barely miss the goblin. The goblin hits you but does no damage.
You hit the goblin. The goblin barely misses you.
You hit the goblin.
You kill the goblin!
No target in view!
No target in view!
No target in view!
No target in view!
No target in view!
No target in view!
No target in view!
No target in view!
No target in view!
No target in view!
No target in view!
No target in view!
e - 42 stones {throwing} (gained 5)
e - 59 stones {throwing} (gained 17)
f - a scroll labelled XAYQO GEUSEATO
There is an open door here.
There is an open door here.
As you open the door, it creaks loudly!
There is an open door here.
You open the door.
A kobold comes into view. It is wielding a +0 mace.
The kobold shouts!
There is an open door here.
A kobold is nearby!
The kobold hits you with a +0 mace. 😕 HP[-4]
You take 4 damage, and now have 16/20 hp.
You are too injured to fight recklessly!
You are too injured to fight recklessly!
You are too injured to fight recklessly!
You are too injured to fight recklessly!
You are too injured to fight recklessly!
You are too injured to fight recklessly!
You are too injured to fight recklessly!
You are too injured to fight recklessly!
You are too injured to fight recklessly!
You are too injured to fight recklessly!
You are too injured to fight recklessly!
You are too injured to fight recklessly!
You are too injured to fight recklessly!
You are too injured to fight recklessly!
You are too injured to fight recklessly!
You are too injured to fight recklessly!
You slash the kobold!
You kill the kobold!
Are you sure you want to abandon this character and quit the game? (Confirm with "yes".)

Action                   || total
-------------------------++-------
Melee: War axe           ||    15
Armor: Scale mail        ||     3
Dodge: Dodged            ||     9
Block: Buckler           ||     1

Levels and vault maps discovered:
D:1:      dpeg_arrival_morbid_curiosity, layout_rooms,
          hellmonk_ecumenical_altar_heavens_door

Notes
Turn   | Place    | Note
-------+----------+-------------------------------------------
     0 | D:1      | spaghetti the Deep Dwarf Fighter began the quest for the
                  | Orb.
     0 | D:1      | Reached XP level 1. HP: 20/20 MP: 1/1
     0 | D:1      | magus.rc [v1.9.6]
    55 | D:1      | Quit the game

Vanquished Creatures
  2 goblins (D:1)
  2 hobgoblins (D:1)
  A kobold (D:1)
5 creatures vanquished.

Table legend:
 A = Non-vault XP
 B = Vault XP
 C = Vault XP percentage of total XP
 D = Non-vault monster count
 E = Vault monster count
 F = Vault count percentage of total count
                 A         B        C        D         E       F
            +---------+---------+-------+---------+---------+-------
      Total |       0 |       9 | 100.0 |       0 |       5 | 100.0
            +---------+---------+-------+---------+---------+-------
        D:1 |       0 |       9 | 100.0 |       0 |       5 | 100.0
            +---------+---------+-------+---------+---------+-------

Illustrated notes

Table legend:
 A = Kills in this place as a percentage of kills in entire the game.
 B = Kills by you in this place as a percentage of kills by you in the entire game.
 C = Kills by friends in this place as a percentage of kills by friends in the entire game.
 D = Other kills in this place as a percentage of other kills in the entire game.
 E = Experience gained in this place as a percentage of experience gained in the entire game.
 F = Experience gained in this place divided by the number of levels of this place that you have seen.
                   A       B       C       D       E      F
               +-------+-------+-------+-------+-------+----------------------
         Total | 100.0 | 100.0 |   N/A |   N/A | 100.0 |   9.0
       Dungeon | 100.0 | 100.0 |   N/A |   N/A | 100.0 |   9.0
               +-------+-------+-------+-------+-------+----------------------

Table legend: (Time is in decaauts)
 A = Elapsed time spent in this place.
 B = Non-inter-level travel time spent in this place.
 C = Inter-level travel time spent in this place.
 D = Time resting spent in this place.
 E = Time spent auto-exploring this place.
 F = Levels seen in this place.
 G = Mean time per level.
                   A        B        C        D        E       F      G
               +--------+--------+--------+--------+--------+-----+--------+
         Total |     61 |     61 |      0 |      0 |     29 |   1 |   61.0 |
       Dungeon |     61 |     61 |      0 |      0 |     29 |   1 |   61.0 |
               +--------+--------+--------+--------+--------+-----+--------+

Top non-repeatable levels by time:
     D:1: 61 daAuts
